 Dungeon Crawl Stone Soup version 0.14.0-25-g43f8a4e (webtiles) character file.

269 Heini the Skirmisher (level 5, -3/47 HPs)
             Began as a Hill Orc Fighter on Apr 25, 2014.
             Killed from afar by Sigmund (7 damage)
             ... with a magic dart
             ... on Level 3 of the Dungeon.
             The game lasted 00:04:22 (1817 turns).

Heini the Skirmisher (Hill Orc Fighter)             Turns: 1817, Time: 00:04:22

HP  -3/47        AC  8     Str 25      XL: 5   Next:  5%
MP   5/5         EV  7     Int  8      God:
Gold 148         SH 19     Dex 10      Spells:  0 memorised,  4 levels left

rFire  . . .     SeeInvis .     a - +0 war axe
rCold  . . .     Clarity  .     b - +0 scale mail
rNeg   . . .     Conserve .     c - +0 shield
rPois  .         rCorr    .     (no helmet)
rElec  .         rRot     .     k - +0 cloak
SustAb . .       Spirit   .     (no gloves)
rMut   .         Warding  .     (no boots)
Saprov + . .     Stasis   +     j - amulet of stasis
MR     .....                    (no ring)
                                (no ring)

@: mighty, not resistant to hostile enchantments, extremely unstealthy
A: saprovore 1
a: no special abilities


You were on level 3 of the Dungeon.
You were not hungry.

You visited 1 branch of the dungeon, and saw 3 of its levels.

You collected 148 gold pieces.

Inventory:

Hand weapons
 a - a +0,+0 war axe (weapon)
Armour
 b - a +0 scale mail (worn)
 c - a +0 shield (worn)
 k - a +0 cloak (worn)
Comestibles
 d - a meat ration
 i - 3 bread rations
 u - a chunk of giant gecko flesh
Scrolls
 f - a scroll of recharging
 l - 2 scrolls of random uselessness {unknown}
 o - 2 scrolls of identify
 p - 3 scrolls of remove curse {unknown}
 r - a scroll of immolation {unknown}
 s - 2 scrolls of teleportation {unknown}
Jewellery
 g - an uncursed ring of protection from fire {unknown}
 j - an amulet of stasis (around neck)
 m - an uncursed ring of fire {unknown}
Potions
 n - 3 potions of mutation {unknown}
 q - a potion of curing {unknown}
 t - a potion of haste {unknown}


   Skills:
 * Level 4.8 Fighting
 * Level 3.7 Axes
 * Level 4.6 Armour
 - Level 0.1 Dodging
 - Level 3.4 Shields


You had 4 spell levels left.
You didn't know any spells.

Dungeon Overview and Level Annotations

Branches:
Dungeon (3/15)

Altars:
Fedhas

Annotations:
D:3 Sigmund


Innate Abilities, Weirdness & Mutations

You can tolerate rotten meat.


Message History

Drink which item? (? for menu, Esc to quit)
You feel very mighty all of a sudden. Sigmund casts a spell at you.
The magic dart hits you!
Sigmund casts a spell.
Sigmund flickers and vanishes!
Deactivating autopickup; reactivate with Ctrl-A.
You miss something. Something hits you.
You barely miss something. Something hits you but does no damage.
You closely miss something. Something hits you.
You miss something. Something hits you!
* * * LOW HITPOINT WARNING * * *
You closely miss something.
You hear some strange, mumbled words.
The puff of flame hits you!
* * * LOW HITPOINT WARNING * * *
You slash something!
You hear some strange, mumbled words.
The magic dart hits you!
You die...

..#.#### ..... .##.#
.........# .##.#
..........# .##.#
#..........#
.##.#######..........#
.....................#
.##.#######..........#
.##.# #..........#
.##.# #..!..@....#
.##.# ############.##
....# #..........#.#
.#######..........#.#
.....<............#.#
.....###..........#.#
.....# #..........#.#
.....###).........#.#
..................#.#


There were no monsters in sight!

Vanquished Creatures
  5 adders
  6 giant geckos
  4 bats
  7 goblins
  10 hobgoblins
  4 jackals (D:1)
  12 kobolds
  2 quokkas (D:2)
  3 giant cockroaches
  A giant newt (D:2)
  10 rats
  A bush (D:2)
65 creatures vanquished.

Notes
Turn   | Place    | Note
--------------------------------------------------------------
     0 | D:1      | Heini, the Hill Orc Fighter, began the quest for the Orb.
     0 | D:1      | Reached XP level 1. HP: 19/19 MP: 1/1
    35 | D:1      | Reached XP level 2. HP: 20/27 MP: 2/2
   178 | D:1      | Reached skill level 4 in Fighting
   245 | D:1      | Reached XP level 3. HP: 24/33 MP: 3/3
   660 | D:2      | Found a blossoming altar of Fedhas.
   785 | D:2      | Reached XP level 4. HP: 41/41 MP: 4/4
  1691 | D:3      | Reached XP level 5. HP: 44/47 MP: 5/5
  1805 | D:3      | Noticed Sigmund
  1817 | D:3      | Killed from afar by Sigmund

Action                   |  1- 3 |  4- 6 || total
-------------------------+-------+-------++-------
Melee: War axe           |   138 |   194 ||   332
  Use: Scroll            |     2 |       ||     2
       Potion            |       |     1 ||     1
